 Dungeon Crawl Stone Soup version 0.31-a0-145-g046c7d2549 (webtiles) character file.

Game seed: 2278003456822286619

39 night the Ruffian (level 3, -1/32 HPs)
             Began as a Troll Transmuter on June 5, 2023.
             Slain by a gnoll
             ... wielding a +0 spear
              (9 damage)
             ... on level 2 of the Dungeon.
             The game lasted 00:01:51 (851 turns).

night the Ruffian (Troll Transmuter)                 Turns: 851, Time: 00:01:51

Health: -1/32      AC:  4    Str: 18    XL:     3   Next: 28%
Magic:  3/3        EV:  9    Int: 11    God:
Gold:   80         SH:  0    Dex: 10    Spells: 3/4 levels left

rFire   . .          .
                       - Unarmed
rCold   . . .        (no shield)
rNeg    . . .        a - +0 robe
rPois   .            (helmet restricted)
rElec   .            (no cloak)
rCorr   .            (gloves unavailable)
SInv    .            (boots unavailable)
Will    .....        (no amulet)
Stlth   +            (no ring)
HPRegen 1.05/turn    (no ring)
MPRegen 0.08/turn

%: no passive effects
@: no status effects
A: large, unfitting armour, claws 3, regeneration 1, shaggy fur 1, tough skin 1
a: no special abilities


You were on level 2 of the Dungeon.
You visited 1 branch of the dungeon, and saw 2 of its levels.

You collected 80 gold pieces.

Inventory:

Missiles
 d - 5 stones
 h - 2 poisoned darts
Armour
 a - a +0 robe (worn)
Scrolls
 c - 2 scrolls of identify {unknown}
 f - a scroll of enchant armour {unknown}
 g - a scroll of noise {unknown}
 i - a scroll of fear {unknown}
Potions
 b - a potion of lignification
 e - a potion of ambrosia {unknown}


   Skills:
 - Level 0.7 Fighting
 - Level 1.5 Dodging
 + Level 3.5 Unarmed Combat
 - Level 1.2 Spellcasting
 + Level 2.0 Transmutations
 + Level 1.1 Ice Magic


You had 3 spell levels left.
You knew the following spells:

 Your Spells              Type           Power      Damage    Failure   Level
a - Beastly Appendage     Tmut           10%        N/A       14%         1

Your spell library contained the following spells:

 Spells                   Type           Power      Damage    Failure   Level
 Wereblood                Tmut           5%         N/A       22%         2
 Spider Form              Tmut/Pois      2%         N/A       54%         3
 Ice Form                 Ice/Tmut       4%         N/A       86%         4


Dungeon Overview and Level Annotations

Branches:
Dungeon (2/15)

Altars:

Shops:
D:1 *


Innate Abilities, Weirdness & Mutations

You are too large for most types of armour.
You have claws for hands.
Your natural rate of healing is unusually fast.
You are covered in fur. (AC +1)
You have tough skin. (AC +1)


Message History

The giant cockroach bites you but does no damage.
You scratch the giant cockroach but do no damage.
The giant cockroach is almost dead.
The gnoll barely misses you.
The giant cockroach splashes around in the water.
You completely miss the giant cockroach.
The giant cockroach is almost dead.
The gnoll barely misses you. The giant cockroach bites you.
You barely miss the giant cockroach.
The giant cockroach is almost dead.
The gnoll hits you from afar with a +0 spear.
The giant cockroach closely misses you.
You claw the giant cockroach!
You kill the giant cockroach!
The gnoll hits you but does no damage.
You barely miss the goblin.
A gnoll comes into view. It is wielding a +0 spear.
The goblin hits you but does no damage.
The gnoll hits you from afar with a +0 spear.
The gnoll shouts!
You claw the goblin!
You kill the goblin!
You hear a shout!
The gnoll splashes around in the water.
A worm comes into view.
You hear a shout!
The gnoll barely misses you.
A gnoll comes into view. It is wielding a +0 whip.
You barely miss the gnoll.
The gnoll splashes around in the water.
You closely miss the gnoll.
A gnoll comes into view. It is wielding a +0 club.
The gnoll hits you with a +0 spear.
You closely miss the gnoll.
The gnoll hits you from afar with a +0 spear!
The gnoll hits you with a +0 spear.
You completely miss the gnoll.
The gnoll hits you from afar with a +0 spear!
* * * LOW HITPOINT WARNING * * *
The gnoll hits you with a +0 spear!
You die...

.#####.# #...#
......#.... .###
#.#
###.###....)......
...# #.#
#..[..#.........
.#.# #.#
#.#..##.........
.#.# #.#
#..............
.#.# #.#
#........~~~~~
...# #.#
#.......~†### ....
..# #.....)$~##
#..# #.#....)@#
..# ...##....g#
#####.....g#
#......wg#
#.......~~~~~
#......g...g.
##..##....... ##.
#...(... ##
.......


You could see a worm and 4 gnolls.

Vanquished Creatures
  Natasha (D:2)
  4 giant cockroaches
  3 goblins
  A kobold (D:1)
  2 bats (D:1)
  2 frilled lizards (D:2)
  A rat (D:1)
14 creatures vanquished.

Notes
Turn   | Place    | Note
-------+----------+-------------------------------------------
     0 | D:1      | night the Troll Transmuter began the quest for the Orb.
     0 | D:1      | Reached XP level 1. HP: 18/18 MP: 1/1
   124 | D:1      | Found Innuy's General Store.
   797 | D:2      | Reached XP level 2. HP: 26/26 MP: 2/2
   799 | D:2      | Noticed Natasha
   805 | D:2      | Killed Natasha
   806 | D:2      | Reached skill level 1 in Ice Magic
   806 | D:2      | Reached XP level 3. HP: 24/32 MP: 3/3
   829 | D:2      | Reached skill level 2 in Transmutations
   851 | D:2      | Slain by a gnoll

Illustrated notes

Levels and vault maps discovered:
D:1:      lightli_molten_gateway, layout_loops_ring, serial_shops, shop
D:2:      layout_loops_ring, ebering_ecumenical_altar_hall, grunt_ministairs_12,
          kennysheep_decorative_pillar, kennysheep_generic_room_5, uniq_natasha

Skill      XL: |  1  2  3 |
---------------+----------+-----
Ice Magic      | 1 |  1.1
Transmutations | 2 |  2.0
Fighting       | |  0.7
Dodging        | |  1.5
Unarmed Combat | |  3.5
Spellcasting   | |  1.2

Action                     || total
---------------------------++-------
  Melee: Unarmed           ||    45
         Punch             ||     1
 Armour: Robe              ||    14
  Dodge: Dodged            ||    21

Table legend: (Time is in decaauts)
 A = Elapsed time spent in this place.
 B = Non-inter-level travel time spent in this place.
 C = Inter-level travel time spent in this place.
 D = Time resting spent in this place.
 E = Time spent auto-exploring this place.
 F = Levels seen in this place.
 G = Mean time per level.
                   A        B        C        D        E       F      G
               +--------+--------+--------+--------+--------+-----+--------+
         Total |    848 |    798 |     50 |      0 |    703 |   2 |  424.0 |
       Dungeon |    848 |    798 |     50 |      0 |    703 |   2 |  424.0 |
               +--------+--------+--------+--------+--------+-----+--------+

Top non-repeatable levels by time:
     D:1: 763 daAuts
     D:2: 85 daAuts
